Map: Arctic Dream LE

Players

qqq - Winner!

  • Race: Zerg Zerg
  • Spawn Location: 12:00

Massa - Winner!

  • Race: Terran Terran
  • League: Platinum
  • Spawn Location: 11:00

Nightmare

  • Race: Protoss Protoss
  • Spawn Location: 5:00

Resetzz

  • Race: Zerg Zerg
  • Spawn Location: 6:00

VOD

Have the link to the VOD?

Description

Time

  • Played on: Nov. 15, 2020, 7:17 a.m.
  • Length: 11:48
Show
View Real Time Build Order
Export as new Build Order

qqq Zerg - Winner!

Build Orders: Hatch First 

Get SALT Encoding   

  12  0:00  Drone  
  13  0:11  Drone  
  14  0:27  Overlord  
  14  0:46  Hatchery  
  13  0:54  Drone  
  13  0:55  Drone  
  13  0:56  Drone  
  16  1:17  Spawning Pool  
  15  1:27  Drone  
  15  1:30  Extractor  
  15  1:38  Drone x2  
  17  1:43  Drone  
  18  1:51  Drone  
  19  1:59  Drone  
  20  2:09  Drone  
  20  2:10  Queen  
  23  2:18  Drone  
  23  2:20  Drone  
  23  2:21  Queen  
  23  2:22  Drone  
  28  2:24  Overlord  
  28  2:32  Metabolic Boost  
  28  2:41  Overlord  
  28  2:44  Drone  
  28  2:45  Zergling x2  
  30  2:53  Zergling x4  
  30  2:55  Zergling x2  
  33  3:01  Baneling Nest  
  33  3:02  Zergling x2  
  33  3:12  Zergling x2  
  34  3:14  Zergling x2  
  34  3:19  Zergling x2  
  36  3:24  Zergling x2  
  37  3:29  Zergling x2  
  38  3:36  Zergling x2  
  39  3:41  Hatchery  
  39  3:47  Zergling x2  
  39  3:48  Zergling x6  
  42  3:54  Zergling x4  
  42  3:55  Overlord  
  44  3:56  Overlord  
  44  4:03  Overlord  
  43  4:13  Zergling x2  
  43  4:14  Zergling x2, Overlord  
  36  4:46  Zergling x6  
  36  4:47  Zergling x8  
  37  5:08  Zergling x6  
  37  5:09  Zergling x6  
  42  5:18  Zergling x4  
  43  5:24  Zergling x8  
  43  5:25  Zergling x6  
  50  5:30  Lair  
  50  5:33  Queen  
  52  5:49  Zergling x4  
  54  5:50  Zergling x8  
  54  5:51  Zergling x2  
  40  6:11  Zergling x6  
  40  6:12  Zergling x2  
  43  6:23  Zergling x12  
  43  6:24  Drone  
  46  6:37  Drone x3, Zergling x4  
  51  6:53  Spire, Spore Crawler  
  51  6:54  Extractor  
  48  6:56  Drone x3  
  48  6:57  Spore Crawler  
  48  6:58  Drone  
  48  7:01  Extractor  
  50  7:02  Extractor  
  46  7:24  Drone  
  46  7:25  Drone x3  
  46  7:29  Overlord  
  50  7:30  Drone  
  50  7:31  Drone x3  
  54  7:37  Drone  
  54  7:40  Drone  
  40  8:00  Drone x2, Zergling x2  
  40  8:01  Drone x2  
  39  8:07  Spine Crawler  
  38  8:13  Spine Crawler  
  38  8:14  Drone  
  37  8:24  Drone x3  
  39  8:29  Mutalisk  
  41  8:35  Mutalisk  
  43  8:41  Drone  
  43  8:43  Mutalisk  
  43  8:47  Mutalisk  
  48  8:50  Drone  
  48  8:51  Drone  
  50  8:57  Mutalisk  
  50  9:01  Mutalisk  
  54  9:05  Mutalisk  
  54  9:06  Mutalisk  
  58  9:10  Drone x2  
  59  9:21  Mutalisk  
  59  9:22  Drone, Mutalisk  
  59  9:23  Drone  
  63  9:27  Zerg Flyer Weapons Level 1  
  63  9:33  Mutalisk  
  63  9:48  Mutalisk x2  
  63  9:50  Drone x4  
  71  9:59  Mutalisk  
  73  10:27  Mutalisk x2  
  73  10:28  Mutalisk x2  
  81  10:37  Hatchery  
  76  11:21  Mutalisk  
  76  11:22  Mutalisk x3  
Show
View Real Time Build Order
Export as new Build Order

Massa Terran - Winner!

Build Orders: Liberator Opening 

Get SALT Encoding   

  12  0:00  SCV  
  13  0:12  SCV  
  14  0:17  Supply Depot  
  14  0:24  SCV  
  15  0:38  SCV  
  15  0:40  Barracks  
  16  0:47  Refinery  
  16  0:50  SCV  
  17  1:03  SCV  
  18  1:15  SCV  
  19  1:27  SCV  
  21  1:39  Orbital Command  
  20  1:40  Barracks Reactor  
  20  1:44  Command Center  
  20  1:53  Refinery  
  20  2:00  Supply Depot  
  20  2:05  SCV  
  21  2:12  Factory  
  21  2:16  Marine x2  
  21  2:22  SCV  
  24  2:33  Marine  
  24  2:34  SCV, Marine  
  27  2:46  SCV, Supply Depot  
  28  2:51  Marine  
  28  2:52  Marine  
  28  2:55  Orbital Command  
  30  2:58  SCV  
  30  3:02  Factory Reactor  
  31  3:07  Starport  
  31  3:10  SCV  
  31  3:11  Marine  
  31  3:12  Marine  
  34  3:22  SCV x2  
  36  3:29  Marine  
  36  3:30  Marine  
  38  3:34  SCV  
  38  3:35  SCV  
  40  3:46  SCV  
  40  3:47  Marine x2  
  43  3:49  Factory Tech Lab, SCV  
  43  3:50  Medivac  
  46  3:56  Liberator  
  46  3:59  SCV  
  50  4:04  SCV  
  50  4:05  Marine x2  
  53  4:11  SCV  
  54  4:26  Supply Depot  
  54  4:28  Supply Depot  
  54  4:40  Engineering Bay  
  54  4:47  Marine x2  
  54  4:48  SCV x2, Siege Tank  
  61  5:00  SCV x2  
  61  5:05  Marine  
  56  5:28  Marine x2  
  56  5:35  Medivac  
  58  5:36  Siege Tank  
  58  5:37  SCV x2  
  58  5:41  Refinery  
  63  5:43  Terran Infantry Weapons Level 1  
  63  5:44  Refinery  
  63  5:45  Marine  
  63  5:46  Armory, Marine  
  63  5:49  SCV x2  
  67  5:52  Barracks  
  67  5:53  Command Center  
  67  5:57  Barracks  
  67  6:03  Marine  
  68  6:16  Marine  
  69  6:21  Marine  
  70  6:36  Siege Tank  
  66  6:52  Barracks Reactor, Barracks Tech Lab  
  66  6:53  Marine x2  
  68  6:57  Missile Turret  
  68  7:01  Missile Turret  
  68  7:03  Missile Turret x2  
  65  7:11  Marine x2  
  65  7:14  SCV x2  
  69  7:16  Marine, Stimpack  
  69  7:20  Medivac x2  
  69  7:22  Cyclone  
  77  7:25  Missile Turret  
  77  7:26  SCV x2  
  77  7:29  Marine  
  80  7:34  Marine  
  80  7:35  Marine  
  80  7:36  Marine x2  
  84  7:38  SCV  
  84  7:39  Orbital Command  
  85  7:50  Supply Depot  
  85  7:51  Supply Depot x3  
  85  7:52  Supply Depot  
  85  7:53  Supply Depot x2  
  85  7:57  Marine x2  
  85  7:59  SCV x2, Marine  
  85  8:00  Marine x2  
  84  8:12  SCV x2, Cyclone  
  86  8:15  Marine  
  86  8:16  Supply Depot  
  86  8:17  Marine x4  
  91  8:22  Medivac x2  
  91  8:24  SCV  
  96  8:30  Barracks  
  96  8:33  SCV x2, Marine  
  99  8:35  Marine x4  
  99  8:36  Refinery, SCV  
  99  8:39  Refinery  
  99  8:40  Barracks  
  104  8:44  Siege Tank  
  104  8:45  SCV x2  
  109  8:51  Marauder  
  109  8:53  Marine  
  104  8:56  Combat Shield  
  101  9:12  Marauder  
  101  9:16  Siege Tank  
  87  9:34  Marauder, Marine x4  
  87  9:35  Marine x2  
  93  9:48  Siege Tank  
  93  9:52  Marine  
  97  9:55  Marauder  
  97  9:59  Barracks Tech Lab  
  99  10:00  Barracks Reactor  
  99  10:01  Medivac x2  
  99  10:04  Marine x3  
  106  10:10  Marine  
  107  10:15  Concussive Shells  
  107  10:16  Marauder  
  107  10:17  Engineering Bay, Missile Turret  
  107  10:20  Siege Tank  
  112  10:21  Armory  
  112  10:22  Marine  
  112  10:23  Marauder, Marine x2  
  112  10:25  SCV x3  
  112  10:27  Marine  
  121  10:31  Medivac x2  
  125  10:37  SCV x3  
  125  10:38  Marauder  
  125  10:40  Marine  
  125  10:41  Marine x2  
  133  10:44  Marauder  
  133  10:45  Marine  
  133  10:49  SCV x2  
  138  10:51  Command Center  
  138  10:55  Command Center  
  138  10:58  Marine  
  138  10:59  Marauder  
  138  11:01  Thor  
  138  11:03  Marine x2  
  149  11:06  Command Center  
  149  11:19  Command Center  
  149  11:20  Supply Depot  
  149  11:22  Supply Depot  
  149  11:23  Supply Depot x2  
  149  11:24  Supply Depot  
  149  11:25  Supply Depot  
  165  11:46  Supply Depot  
Show
View Real Time Build Order
Export as new Build Order

Nightmare Protoss 

Build Orders:  

Get SALT Encoding   

  12  0:00  Probe  
  13  0:13  Probe  
  14  0:21  Pylon  
  14  0:25  Probe  
  15  0:39  Probe  
  15  0:42  Gateway  
  16  0:48  Assimilator  
  16  0:58  Probe  
  17  1:10  Probe  
  18  1:22  Probe  
  19  1:33  Zealot  
  19  1:34  Probe  
  22  1:40  Cybernetics Core  
  22  1:42  Pylon  
  22  1:48  Pylon  
  22  1:52  Probe  
  23  1:58  Assimilator  
  23  2:04  Probe  
  24  2:16  Probe  
  24  2:19  Warp Gate  
  25  2:24  Adept  
  25  2:28  Probe  
  28  2:31  Twilight Council  
  28  2:50  Gateway, Forge  
  28  3:07  Probe  
  28  3:08  Resonating Glaives  
  29  3:13  Adept  
  29  3:19  Pylon  
  31  3:25  Gateway  
  31  3:42  Stargate  
  31  4:04  Protoss Ground Weapons Level 1  
  27  4:12  Photon Cannon  
  27  4:14  Adept  
  27  4:15  Adept  
  30  4:32  Adept  
  21  4:39  Adept x2  
  25  4:56  Probe  
  25  4:57  Adept  
  26  5:02  Pylon  
  26  5:04  Void Ray  
  23  5:20  Pylon  
  22  5:24  Probe  
  23  5:37  Probe  
  23  5:41  Adept x2  
  23  5:42  Adept  
  30  5:49  Probe  
  29  6:26  Adept x3  
  31  7:03  Nexus  
  31  7:15  Void Ray  
  29  7:23  Probe  
  30  7:32  Assimilator  
  30  7:38  Assimilator  
  30  7:53  Probe  
  30  7:56  Void Ray  
  35  8:05  Probe  
  35  8:09  Adept x2  
  40  8:17  Probe  
  41  8:30  Probe  
  42  8:41  Stargate  
  34  9:36  Void Ray x2 (Chrono Boost)  
  34  10:08  Fleet Beacon  
  34  10:09  Void Ray (Chrono Boost)  
  34  10:11  Probe  
  39  10:23  Probe  
  39  10:28  Adept x3  
  46  10:35  Probe  
  43  10:44  Nexus  
  43  10:47  Probe  
  40  10:57  Photon Cannon  
  40  11:00  Probe  
  31  11:06  Shield Battery  
Show
View Real Time Build Order
Export as new Build Order

Resetzz Zerg 

Build Orders: Hatch First 

Get SALT Encoding   

  12  0:05  Drone  
  13  0:08  Drone  
  14  0:16  Overlord  
  14  0:34  Drone  
  14  0:35  Drone  
  16  0:38  Drone  
  17  0:54  Hatchery  
  17  0:56  Drone  
  17  1:02  Drone, Extractor  
  17  1:17  Spawning Pool  
  16  1:18  Drone  
  16  1:24  Drone  
  18  1:32  Drone  
  19  1:42  Drone  
  20  1:52  Overlord  
  20  2:11  Drone, Roach Warren  
  20  2:12  Queen  
  20  2:13  Queen  
  24  2:15  Drone  
  24  2:16  Drone  
  24  2:21  Drone  
  27  2:30  Drone x2  
  27  2:37  Extractor, Drone  
  29  2:40  Drone  
  30  2:47  Drone  
  31  2:51  Lair  
  31  2:54  Drone  
  32  3:06  Drone x2  
  32  3:07  Evolution Chamber  
  32  3:09  Evolution Chamber  
  32  3:17  Drone x2  
  34  3:21  Drone x2  
  36  3:32  Overlord x4  
  36  3:38  Zerg Missile Weapons Level 1  
  36  3:44  Zerg Ground Armor Level 1  
  36  3:49  Glial Reconstitution  
  36  3:55  Drone x3  
  41  4:03  Roach x3  
  45  4:11  Spine Crawler  
  45  4:14  Spine Crawler  
  45  4:17  Roach x2  
  47  4:30  Roach  
  47  4:31  Roach x3  
  55  4:52  Roach x6  
  61  5:00  Roach x2  
  65  5:18  Roach  
  67  5:21  Overlord x3  
  67  5:36  Zerg Missile Weapons Level 2  
  67  5:47  Roach x3  
  73  5:51  Roach  
  75  5:57  Drone x3  
  75  5:58  Extractor, Drone x2  
  75  5:59  Drone  
  75  6:00  Drone x2  
  75  6:02  Extractor  
  75  6:23  Spore Crawler  
  74  6:29  Roach x5  
  83  6:38  Roach  
  77  6:55  Ravager  
  77  6:57  Drone x2  
  80  7:05  Queen  
  82  7:26  Drone  
  82  7:27  Drone x4  
  87  7:36  Ravager  
  88  7:37  Roach  
  74  8:20  Roach  
  74  8:21  Roach x6  
  88  8:33  Ravager  
  89  8:35  Ravager  
  89  8:36  Ravager  
  89  8:37  Ravager  
  89  8:39  Hatchery, Overlord  
  89  8:40  Overlord x2  
  61  9:32  Roach  
  61  9:33  Roach x7  
  58  10:07  Hydralisk Den  
  50  10:23  Drone x2, Spore Crawler  
  50  10:24  Drone x3  
  50  10:25  Spore Crawler  
  53  10:35  Drone x5  
  58  10:36  Queen  
  58  10:41  Hydralisk  
  62  10:49  Hydralisk  
  62  10:50  Hydralisk x2  
  68  11:01  Hydralisk x3  
Tags
 
Add a new tag
Caveats
  • Supply blocks, unpowered buildings, or Contaminate may cause inaccurate times.
  • Supply counts are checked every 10 seconds.